 Dungeon Crawl Stone Soup version 0.17.1-1-g73c8601 (webtiles) character file.

13035 SarkitSoul the Severer (level 11, -3/111 HPs)
             Began as a Minotaur Fighter on Dec 21, 2015.
             Was the Champion of Okawaru.
             Slain by a nine-headed hydra (11 damage)
             ... on level 4 of the Lair of Beasts.
             The game lasted 01:15:27 (10308 turns).

SarkitSoul the Severer (Minotaur Fighter)          Turns: 10308, Time: 01:15:27

Health: -3/111     AC: 17    Str: 25    XL:     11   Next: 70%
Magic:  10/10      EV:  3    Int:  9    God:    Okawaru [******]
Gold:   833        SH: 14    Dex:  9    Spells: 0 memorised, 10 levels left

rFire  + + .     SeeInvis .     B - +4 war axe of the End of Times {drain, +Fly rF++}
rCold  . . .     Clarity  +     p - +1 plate armour
rNeg   . . .     SustAt   .     C - +0 large shield
rPois  +         Gourm    .     (helmet restricted)
rElec  .         Spirit   .     L - +0 cloak
rCorr  .         Warding  .     a - +1 pair of gloves {archery}
rMut   .         Stasis   .     E - +0 pair of boots
MR     .....                    q - amulet of clarity
Stlth  ..........               y - +4 ring of intelligence
                                h - ring of poison resistance

@: lethally poisoned (-3 -> -3), slowed, very slow, not resistant to hostile
enchantments, extremely unstealthy
A: retaliatory headbutt, horns 2
a: Heroism, Finesse, Renounce Religion, Evoke Flight


You were on level 4 of the Lair of Beasts.
You worshipped Okawaru.
Okawaru was exalted by your worship.
You were not hungry.

You visited 2 branches of the dungeon, and saw 12 of its levels.
You also visited: Labyrinth.

You collected 833 gold pieces.

Inventory:

Hand Weapons
 B - the +4 war axe of the End of Times (weapon) {drain, +Fly rF++}
   (You found it on level 6 of the Dungeon)

   A truly terrible weapon, it drains the life of those it strikes.
   It greatly protects you from fire.
   It lets you fly.
 M - a +1 broad axe of freezing
Missiles
 e - 5 tomahawks of returning (quivered)
Armour
 a - a +1 pair of gloves of archery (worn)
 b - a +0 scale mail
 c - a +0 shield
 i - a +2 robe of cold resistance
 p - a +1 plate armour (worn)
 C - a +0 large shield (worn)
 E - a +0 pair of boots (worn)
 L - a +0 cloak (worn)
Jewellery
 f - an uncursed ring of flight
 h - a ring of poison resistance (left hand)
 q - an amulet of clarity (around neck)
 x - an uncursed amulet of regeneration
 y - a +4 ring of intelligence (right hand)
 G - an uncursed ring of stealth {unknown}
 P - an uncursed ring of positive energy {unknown}
 Q - a cursed ring of loudness {unknown}
 T - a cursed amulet of inaccuracy {unknown}
 X - an uncursed amulet of stasis {unknown}
Wands
 d - a wand of paralysis (12)
 g - a wand of frost (0)
 n - a wand of slowing (29)
 O - a wand of confusion (28)
 S - a wand of slowing (21)
 U - a wand of fireball (7)
 W - a wand of slowing (32)
 Z - a wand of disintegration (11)
Scrolls
 j - 2 scrolls of remove curse
 l - 3 scrolls of teleportation
 o - a scroll of magic mapping
 r - 3 scrolls of identify
 s - 3 scrolls of fog
 z - a scroll of enchant armour
 R - 4 scrolls of amnesia
Potions
 D - a potion of cancellation
 F - a potion of berserk rage
 H - a potion of flight
 I - a potion of magic {unknown}
 J - a potion of heal wounds
 K - 2 potions of agility
 N - a potion of brilliance
Miscellaneous
 A - a disc of storms
Comestibles
 k - 18 fruits
 m - 6 bread rations
 u - 2 beef jerkies
 v - a royal jelly
 w - a meat ration


   Skills:
 + Level 14.6 Fighting
 + Level 15.4 Axes
 - Level 3.6 Armour
 - Level 3.9 Dodging
 - Level 1.5 Stealth
 - Level 3.6 Shields


You had 10 spell levels left.
You didn't know any spells.

Dungeon Overview and Level Annotations

Branches:
Dungeon (8/15)             Temple (0/1) D:5            Lair (4/8) D:8
  Swamp: Lair:3-6    Shoals: Lair:3-6     Snake: Lair:3-6    Spider: Lair:3-6

Altars:
Dithmenos
Gozag
Okawaru
Qazlal
Sif Muna
The Shining One

Annotations:
D:5 a
Lair:4 Sonja


Innate Abilities, Weirdness & Mutations

You reflexively headbutt those who attack you in melee.
You have a pair of horns on your head.


Message History

Sonja plants her feet in a plie.
Sonja shoots a curare-tipped needle.
The curare-tipped needle hits you.
You are poisoned.
You have difficulty breathing.
* * * LOW HITPOINT WARNING * * *
You feel yourself slow down.
You see here a curare-tipped needle.
You feel sick.
The nine-headed hydra seems less drained.
Sonja shoots a curare-tipped needle.
The curare-tipped needle hits you.
You have difficulty breathing.
* * * LOW HITPOINT WARNING * * *
You feel as though you will be slow longer.
You see here a curare-tipped needle.
You feel sick.
Sonja shoots a curare-tipped needle.
You block the curare-tipped needle.
Sonja shoots a curare-tipped needle.
The curare-tipped needle hits you. The nine-headed hydra bites you.
* * * LOW HITPOINT WARNING * * *
The nine-headed hydra bites you!
You die...

##....# .. #....<##
####.## #......#
#.....## #......##
#......# #.......#
#......## #......##
#...K...####..<..#
#........##......##
#.....D@..........##
##....(..#.##....##.#
##..
#....(.##.####...####
.P.. ##..(.#####
#P..# #... #....#
##.## #..# ##..###
#.# #..####...# ####
#.# ##.P#....##
#...##.##
###.....####
.#.......#


You could see a nine-headed hydra and Sonja.

Vanquished Creatures
  A minotaur (Lab)
  Erolcha (D:8)
  A black mamba (Lair:1)
  4 elephants (Lair:3)
  4 spiny frogs
  Psyche (D:8)
  4 komodo dragons
  6 blink frogs (Lair:3)
  A shadow (Lab)
  4 basilisks (Lab)
  A deep elf fighter (D:8)
  Eustachio (D:4)
  2 hippogriffs
  5 wolves (Lair:3)
  3 water moccasins
  2 porcupines (Lair:1)
  An orc warrior (D:6)
  A black bear (D:7)
  A necrophage (D:7)
  An ice beast (D:6)
  A phantom (D:4)
  5 centaurs
  3 ogres
  A big kobold (D:8)
  8 crocodiles
  Blork the orc (D:6)
  9 giant frogs
  2 scorpions
  3 wights (D:7)
  A spriggan skeleton (Lab)
  2 crimson imps
  3 hounds
  2 orc priests
  A quasit (D:6)
  2 centaur skeletons (D:4)
  4 giant frog skeletons
  3 orc wizards
  9 iguanas
  A jelly (D:7)
  2 worker ants
  7 sheep (Lair:3)
  An ogre skeleton (Lab)
  2 hound skeletons
  7 adders
  10 river rats
  3 shadow imps
  2 oozes (D:2)
  An adder skeleton (D:4)
  A worm (D:3)
  4 giant geckos
  24 orcs
  14 bats
  11 giant cockroaches
  6 hobgoblins
  9 kobolds
  4 quokkas
  A ball python (D:4)
  A giant gecko skeleton (D:6)
  6 giant newts
  9 goblins
  2 jackals (D:6)
  13 rats
246 creatures vanquished.

Vanquished Creatures (others)
  A fungus (Lair:3)
1 creature vanquished.

Grand Total: 247 creatures vanquished

Notes
Turn   | Place    | Note
--------------------------------------------------------------
     0 | D:1      | SarkitSoul the Minotaur Fighter began the quest for the Orb.
     0 | D:1      | Reached XP level 1. HP: 19/19 MP: 0/0
    74 | D:1      | Reached skill level 4 in Fighting
   156 | D:1      | Reached XP level 2. HP: 27/27 MP: 1/1
   680 | D:2      | Reached XP level 3. HP: 24/34 MP: 2/2
   897 | D:2      | Found an iron altar of Okawaru.
   922 | D:2      | Became a worshipper of Warmaster Okawaru
  1271 | D:3      | Reached XP level 4. HP: 35/41 MP: 3/3
  1326 | D:3      | Reached skill level 5 in Fighting
  1569 | D:3      | Reached skill level 1 in Dodging
  1628 | D:3      | Found an opulent altar of Gozag.
  1805 | D:3      | Reached XP level 5. HP: 48/48 MP: 4/4
  2176 | D:4      | Noticed an ogre
  2183 | D:4      | Killed an ogre
  2183 | D:4      | Reached skill level 5 in Axes
  2388 | D:4      | Reached XP level 6. HP: 52/56 MP: 5/5
  2390 | D:4      | Reached skill level 1 in Stealth
  2615 | D:4      | Noticed Eustachio
  2623 | D:4      | Noticed a phantom
  2624 | D:4      | Killed Eustachio
  2624 | D:4      | Reached * piety under Okawaru
  2624 | D:4      | Reached skill level 6 in Axes
  2633 | D:4      | Killed a phantom
  2633 | D:4      | Reached XP level 7. HP: 58/62 MP: 6/6
  2930 | D:4      | Reached skill level 7 in Axes
  3292 | D:5      | Entered Level 5 of the Dungeon
  3668 | D:5      | Found a staircase to the Ecumenical Temple.
  3815 | D:5      | Reached ** piety under Okawaru
  4045 | D:5      | Reached skill level 8 in Axes
  4275 | D:6      | Noticed Blork the orc
  4322 | D:5      | a'
  4395 | D:6      | Found a stormy altar of Qazlal.
  4424 | D:6      | Got a warped war axe
  4425 | D:6      | Identified the +4 war axe of the End of Times {drain, +Fly rF++} (You found it on level 6 of the Dungeon)
  4489 | D:6      | Reached XP level 8. HP: 63/71 MP: 7/7
  4681 | D:6      | Reached skill level 9 in Axes
  5202 | D:6      | Killed Blork the orc
  5370 | D:7      | Reached skill level 10 in Axes
  5472 | D:7      | Reached *** piety under Okawaru
  5756 | D:7      | Reached XP level 9. HP: 62/82 MP: 8/8
  5811 | D:7      | Found a deep blue altar of Sif Muna.
  5811 | D:7      | Found a glowing golden altar of the Shining One.
  5813 | D:7      | Found a shadowy altar of Dithmenos.
  6052 | D:8      | Noticed Psyche
  6132 | D:8      | Killed Psyche
  6132 | D:8      | Reached skill level 11 in Axes
  6133 | D:8      | Reached skill level 10 in Fighting
  6233 | D:8      | Reached **** piety under Okawaru
  6308 | D:8      | Noticed Erolcha
  6316 | D:8      | Killed Erolcha
  6316 | D:8      | Reached skill level 12 in Axes
  6710 | D:8      | Reached ***** piety under Okawaru
  6860 | D:8      | Found a staircase to the Lair.
  6874 | D:8      | Reached XP level 10. HP: 92/96 MP: 9/9
  7072 | Lair:1   | Entered Level 1 of the Lair of Beasts
  7181 | Lair:1   | Noticed a black mamba
  7194 | Lair:1   | Killed a black mamba
  7194 | Lair:1   | Received a gift from Okawaru
  7246 | Lair:1   | Reached skill level 13 in Axes
  7311 | Lair:1   | Found a labyrinth entrance.
  7316 | Lab      | Entered a labyrinth
  7956 | Lab      | Noticed a minotaur
  7968 | Lab      | Killed a minotaur
  8110 | Lair:1   | Received a gift from Okawaru
  8110 | Lair:1   | Reached skill level 14 in Axes
  8186 | Lair:1   | Reached XP level 11. HP: 70/107 MP: 10/10
  9856 | Lair:3   | Reached skill level 15 in Axes
 10084 | Lair:3   | Reached ****** piety under Okawaru
 10090 | Lair:3   | Noticed a six-headed hydra
 10093 | Lair:3   | Noticed an eight-headed hydra
 10167 | Lair:3   | Noticed a seven-headed hydra
 10303 | Lair:4   | Noticed Sonja
 10308 | Lair:4   | Slain by a nine-headed hydra

Action                   |  1- 3 |  4- 6 |  7- 9 | 10-12 || total
-------------------------+-------+-------+-------+-------++-------
Melee: War axe           |    62 |   105 |   232 |   234 ||   633
Evoke: Wand              |       |       |       |     7 ||     7
       Disc of storms    |       |       |       |     1 ||     1
  Use: Potion            |     1 |     6 |     5 |     3 ||    15
       Scroll            |     1 |       |     4 |     4 ||     9
  Eat: Bread ration      |     1 |       |     1 |     1 ||     3
       Chunk             |       |     1 |     8 |     2 ||    11
       Beef jerky        |       |       |     1 |       ||     1
       Meat ration       |       |       |     1 |       ||     1
